 Dungeon Crawl Stone Soup version 0.30.1-11-g7821555f0a (webtiles) character file.

Game seed: 1642148063226596569

6312 Sciron the Twirler (level 10, -4/70 (80) HPs)
             Began as a Yellow Draconian Artificer on Jan 9, 2024.
             Was a Believer of Sif Muna.
             Slain by a yak (15 damage)
             ... led by a torpor snail
             ... on level 1 of the Lair of Beasts on Jan 10, 2024.
             The game lasted 00:29:10 (7968 turns).

Sciron the Twirler (Yellow Draconian Artificer)     Turns: 7968, Time: 00:29:11

HP:   -4/70 (80)    AC:  7    Str: 21    XL:     10   Next: 64%
MP:   15/15         EV: 13    Int: 13    God:    Sif Muna [**....]
Gold: 420           SH:  0    Dex: 10    Spells: 10/16 levels left

rFire   . . .        i - +4 quarterstaff (spect)
rCold   + . .        (shield currently unavailable)
rNeg    . . .        (body armour unavailable)
rPois   .            (helmet restricted)
rElec   .            (no cloak)
rCorr   +            (no gloves)
SInv    +            (no boots)
Will    .....        C - amulet of the acrobat
Stlth   ++           n - ring of protection from cold
HPRegen 0.31/turn    o - ring of see invisible
MPRegen 0.14/turn

%: acrobat
@: short of breath, hasted and slowed, heavily drained
A: spit acid, AC +7, unfitting armour, cold-blooded, acid resistance, strong 1,
subdued magic 1
a: Breathe Acid, Renounce Religion, Channel Magic


You were on level 1 of the Lair of Beasts.
You worshipped Sif Muna.
Sif Muna was pleased with you.
You visited 2 branches of the dungeon, and saw 9 of its levels.

You collected 420 gold pieces.

Inventory:

Hand Weapons
 a - a +0 club
 e - a +0 dagger
 i - a +4 spectral quarterstaff (weapon)
 p - a +0 halberd of flaming
Missiles
 k - 7 boomerangs (quivered)
 x - 3 atropa-tipped darts
Jewellery
 j - an amulet of magic regeneration
 n - a ring of protection from cold (left hand)
 o - a ring of see invisible (right hand)
 s - a ring of flight
 y - a ring of protection from cold
 C - an amulet of the acrobat (around neck)
 E - a ring of fire
Wands
 b - a wand of flame (11)
 c - a wand of charming (13)
 d - a wand of iceblast (10)
 t - a wand of polymorph (3)
Scrolls
 z - 2 scrolls of teleportation
 D - a scroll of vulnerability
Potions
 f - 4 potions of attraction
 g - 2 potions of flight
 h - 7 potions of brilliance
 l - a potion of haste
 u - a potion of invisibility
 v - a potion of lignification
 w - 2 potions of might
 B - a potion of degeneration


   Skills:
 * Level 4.5 Fighting
 - Level 0.2 Short Blades
 * Level 6.9 Staves
 * Level 5.5 Throwing
 * Level 4.7 Dodging
 * Level 4.1 Stealth
 * Level 4.0 Unarmed Combat
 * Level 3.8 Spellcasting
 * Level 3.9 Necromancy
 * Level 3.8 Air Magic
 * Level 3.7 Poison Magic
 * Level 2.2 Invocations
 * Level 5.5 Evocations


You had 10 spell levels left.
You knew the following spells:

 Your Spells              Type           Power      Damage    Failure   Level
a - Cigotuvi's Dreadful   Necr/Pois/Air  18%        N/A       5%          2
b - Dispel Undead         Necr           9%         3d8       34%         4

Your spell library contained the following spells:

 Spells                   Type           Power      Damage    Failure   Level
 Spider Form              Tmut/Pois      5%         N/A       24%         3
 Ensorcelled Hibernation  Hex/Ice        2%         N/A       28%         2
 Lesser Beckoning         Tloc           2%         N/A       28%         2
 Gell's Gravitas          Tloc           1%         N/A       50%         3
 Ozocubu's Armour         Ice            1%         N/A       50%         3
 Teleport Other           Tloc           1%         N/A       50%         3
 Anguish                  Hex/Necr       2%         N/A       63%         4
 Metabolic Englaciation   Hex/Ice        0%         N/A       99%         5
 Death Channel            Necr           4%         N/A       99%         6
 Simulacrum               Ice/Necr       2%         N/A       100%        6


Dungeon Overview and Level Annotations

Branches:
Dungeon (8/15)             Temple (0/1) D:7            Lair (1/5) D:8

Altars:
Cheibriados
Dithmenos
Kikubaaqudgha
Makhleb
Okawaru
Sif Muna
Vehumet
The Shining One

Shops:
D:2 [   D:7 =

Annotations:
Lair:1 Nergalle


Innate Abilities, Weirdness & Mutations

You can spit globs of acid.
Your golden yellow scales are hard. (AC +7)
You cannot fit into any form of body armour.
You are cold-blooded and may be slowed by cold attacks.
You are resistant to acid. (rCorr)
Your muscles are strong. (Str +4, Int/Dex -1)
Your spells are a little easier to cast, but a little less powerful.


Message History

Your +4 spectral quarterstaff disappears.
Throw: 7 boomerangs
Press: ? - help, Q - select action, (/) - cycle Shift-Dir - straight line, f - yak
Aim: a yak (71% to hit)
You throw a boomerang. The boomerang hits the yak.
The yak is lightly wounded.
The yak barely misses you.
Press: ? - help, Shift-Dir - straight line, f/p - yak
Aim: a yak (lightly wounded, 78% to hit)
You spit a glob of acid.
The glob of acid hits the yak!!
The acid corrodes the yak!
The acid splashes onto the yak!
The yak is splashed with acid!
The acid corrodes the yak!
The yak is severely wounded.
The yak gores you!
You hit the yak.
The yak is severely wounded.
Your +4 spectral quarterstaff hits the yak!
The yak gores you but does no damage.
The yak gores your +4 spectral quarterstaff.
Your spectral weapon shares its damage with you!
The yak gores you! x2
* * * LOW HITPOINT WARNING * * *
You hit the yak but do no damage.
The yak is almost dead.
Your +4 spectral quarterstaff hits the yak!
You kill the yak!
Sif Muna accepts your kill. The yak barely misses you.
Unknown command.
Your +4 spectral quarterstaff disappears.
The yak gores you but does no damage. The yak barely misses you.
You feel yourself speed up. The yak gores you.
* * * LOW HITPOINT WARNING * * *
The yak is no longer covered in acid.
The yak attacks as you move away! The yak gores you!
* * * LOW HITPOINT WARNING * * *
You completely miss the yak.
You tail-slap the yak, but do no damage.
The yak gores you!
You die...

#..........#
#..........#
#..........##
#...........#
#..........##
#w.........#
#Y.........#
##Y.........#
#@##.#...#.##
######..####
P..# #


You could see a torpor snail and 2 yaks.

Vanquished Creatures
  Pikel (D:5)
  An elephant (Lair:1)
  A cane toad (Lair:1)
  Sigmund (D:3)
  11 yaks
  2 steam dragons (D:8)
  A basilisk (Lair:1)
  An acid dragon (D:8)
  2 water moccasins
  Duvessa (D:5)
  2 black bears (D:6)
  3 ice beasts
  An orc warrior (D:5)
  2 ogres
  A centaur (D:5)
  2 kobold brigands
  2 bullfrogs
  2 scorpions
  5 killer bees (D:8)
  2 howler monkeys
  Crazy Yiuf (D:3)
  6 hounds
  4 jellies
  A gnoll bouda (D:6)
  2 orc priests
  Terence (D:3)
  3 iguanas
  2 orc wizards
  3 gnolls
  9 adders
  A shadow imp (D:8)
  4 white imps
  An ufetubus (D:7)
  2 worms
  3 dart slugs
  20 orcs
  2 ball pythons
  6 endoplasms
  3 giant cockroaches
  11 hobgoblins
  6 jackals (D:4)
  12 kobolds
  2 quokkas
  6 bats
  9 goblins
  A rat (D:1)
165 creatures vanquished.

Vanquished Creatures (collateral kills)
  A cyclops (D:8)
  An orc wizard (D:5)
  A gnoll (D:3)
  A hobgoblin (D:5)
  A kobold (D:5)
5 creatures vanquished.

Vanquished Creatures (others)
  2 black bears
  A scorpion (D:5)
3 creatures vanquished.

Grand Total: 173 creatures vanquished

Notes
Turn   | Place    | Note
-------+----------+-------------------------------------------
     0 | D:1      | Sciron the Draconian Artificer began the quest for the Orb.
     0 | D:1      | Reached XP level 1. HP: 16/16 MP: 1/1
   202 | D:1      | Reached XP level 2. HP: 15/23 MP: 2/2
   444 | D:2      | Reached skill level 1 in Stealth
   477 | D:2      | Found Viyd's Armour Emporium.
   526 | D:2      | Reached XP level 3. HP: 28/28 MP: 3/3
   750 | D:3      | Reached XP level 4. HP: 35/35 MP: 5/5
   778 | D:4      | Learned a level 2 spell: Cigotuvi's Dreadful Rot
   784 | D:4      | Reached skill level 1 in Spellcasting
  1109 | D:4      | Noticed an ogre
  1116 | D:4      | Killed an ogre
  1117 | D:4      | Reached skill level 1 in Staves
  1117 | D:4      | Reached skill level 1 in Throwing
  1117 | D:4      | Reached skill level 1 in Unarmed Combat
  1117 | D:4      | Reached XP level 5. HP: 41/41 MP: 6/6
  1188 | D:5      | Entered Level 5 of the Dungeon
  1188 | D:5      | Noticed Duvessa
  1188 | D:5      | Noticed Dowan
  1250 | D:5      | Found a shadowy altar of Dithmenos.
  1258 | D:5      | Killed a black bear
  1340 | D:5      | Reached skill level 1 in Poison Magic
  1340 | D:5      | Reached XP level 6. HP: 31/48 MP: 6/8
  1376 | D:5      | Reached skill level 1 in Necromancy
  1376 | D:5      | Reached skill level 1 in Air Magic
  1414 | D:6      | Noticed a water moccasin
  1422 | D:6      | Killed a water moccasin
  1423 | D:6      | Reached skill level 2 in Staves
  1443 | D:6      | Your scales start taking on a golden yellow colour.
  1443 | D:6      | Reached XP level 7. HP: 19/55 MP: 9/9
  1443 | D:6      | Gained mutation: You are resistant to acid. (rCorr) [Yellow
                  | Draconian growth]
  1457 | D:6      | Found a burning altar of Makhleb.
  1614 | D:6      | Reached skill level 3 in Staves
  1798 | D:6      | Reached XP level 8. HP: 62/62 MP: 11/11
  1913 | D:6      | Reached skill level 4 in Staves
  2187 | D:6      | Found a shimmering blue altar of Sif Muna.
  2306 | D:6      | Learned a level 4 spell: Dispel Undead
  2375 | D:6      | Became a worshipper of Sif Muna the Loreminder
  2503 | D:5      | Dowan changed into Dowan the hound
  2503 | D:5      | Noticed Dowan
  2506 | D:5      | Killed Dowan the hound
  2791 | D:5      | Noticed Pikel
  2808 | D:5      | Killed Pikel
  2809 | D:5      | Reached skill level 5 in Staves
  2809 | D:5      | Reached XP level 9. HP: 48/70 MP: 11/13
  2898 | D:5      | Found an ancient bone altar of Kikubaaqudgha.
  2994 | D:5      | Killed Duvessa
  3113 | D:5      | Reached * piety under Sif Muna
  3178 | D:5      | Found a radiant altar of Vehumet.
  4071 | D:3      | Found a snail-covered altar of Cheibriados.
  4166 | D:3      | Noticed Terence
  4168 | D:3      | Killed Terence
  4223 | D:3      | Noticed Sigmund
  4224 | D:3      | Killed Sigmund
  4454 | D:3      | Found a runed translucent door.
  4460 | D:3      | Noticed Crazy Yiuf
  4464 | D:3      | Killed Crazy Yiuf
  5257 | D:1      | Gained mutation: Your spells are a little easier to cast,
                  | but a little less powerful. [potion of mutation]
  5257 | D:1      | Gained mutation: Your muscles are strong. (Str +4, Int/Dex
                  | -1) [potion of mutation]
  5777 | D:7      | Found Aqin's Jewellery Emporium.
  5916 | D:7      | Found a staircase to the Ecumenical Temple.
  6543 | D:8      | Reached skill level 5 in Evocations
  6733 | D:8      | Reached skill level 1 in Invocations
  6959 | D:8      | Reached ** piety under Sif Muna
  6960 | D:8      | Reached skill level 6 in Staves
  7036 | D:8      | Reached XP level 10. HP: 78/78 MP: 15/15
  7044 | D:8      | Reached skill level 5 in Throwing
  7101 | D:8      | Noticed a cyclops
  7104 | D:8      | HP: 3/78 [cyclops/large rock (41)]
  7115 | D:8      | Killed a cyclops
  7385 | D:8      | Found a staircase to the Lair.
  7676 | D:8      | Found an iron altar of Okawaru.
  7678 | D:8      | Found a glowing golden altar of the Shining One.
  7739 | Lair:1   | Entered Level 1 of the Lair of Beasts
  7804 | Lair:1   | Noticed a cane toad
  7811 | Lair:1   | Killed a cane toad
  7876 | Lair:1   | Noticed an elephant
  7877 | Lair:1   | Noticed an elephant
  7877 | Lair:1   | Noticed an elephant
  7878 | Lair:1   | Noticed an elephant
  7879 | Lair:1   | Noticed Nergalle
  7879 | Lair:1   | Noticed an elephant
  7880 | Lair:1   | Noticed an elephant
  7886 | Lair:1   | Killed an elephant
  7941 | Lair:1   | Noticed a torpor snail
  7968 | Lair:1   | Slain by a yak

Illustrated notes

Levels and vault maps discovered:
D:1:      tarquinn_simple_flora_water_f, layout_basic
D:2:      layout_loops_corners, serial_shops, nicolae_shop_advertising_works
          [nicolae_subvault_shop_adworks]
D:3:      layout_rooms, mainiacjoe_overflow_boulevard, minmay_box_of_dots,
          uniq_crazy_yiuf_cottage, uniq_terence, uniq_sigmund
D:4:      layout_loops_cross, hex_large, minmay_misc_feat_more_columns,
          chequers_serial_rivers_micro_c, eino_small_chamber_without_monster
D:5:      cheibrodos_thug_alley, layout_loops_ring, fiery_altar_vehumet,
          grunt_dithmenos_smoke, nicolae_kikubaaqudgha_miasma_corner,
          minmay_bent, uniq_pikel, uniq_duvessa
D:6:      layout_cave_pools, mainiacjoe_overflow_alcove_1,
          nicolae_overflow_crystal_walls, hangedman_abyss_or_decor_stagger,
          st_stairs_6, hangedman_minor_gate_pass
D:7:      layout_basic, minmay_temple_entry_glassed_door, serial_shops,
          nicolae_square_shop
D:8:      layout_loops_ring, chequers_temple_overflow_statue_of_worship,
          dpeg_oklobed_lair, kennysheep_windowed_goal
Lair:1:   layout_gridlike, nicolae_volcano_entry_s_turn, grunt_megastairs_4,
          uniq_nergalle

Skill      XL: |  1  2  3  4  5  6  7  8  9 10 |
---------------+-------------------------------+-----
Stealth        | 1 2 3 4 |  4.1
Spellcasting   | 1 2 3 |  3.8
Staves         | 1 2 3 5 6 |  6.9
Throwing       | 1 2 3 4 5 |  5.5
Dodging        | 3 4 |  4.7
Unarmed Combat | 1 2 3 4 |  4.0
Poison Magic   | 1 2 3 |  3.7
Fighting       | 2 3 4 |  4.5
Necromancy     | 1 2 3 |  3.9
Air Magic      | 1 2 3 |  3.8
Evocations     | 4 5 |  5.5
Invocations    | 1 2 |  2.2
Short Blades   | |  0.2

Action                     |  1- 3 |  4- 6 |  7- 9 | 10-12 || total
---------------------------+-------+-------+-------+-------++-------
  Melee: Dagger            |    22 |       |       |       ||    22
         Tailslap          |     6 |     2 |    16 |     8 ||    32
         Quarterstaff      |    24 |    51 |   139 |    43 ||   257
  Throw: Boomerang         |     9 |    23 |   119 |     7 ||   158
   Cast: Cigotuvi's Dreadf |       |       |     2 |       ||     2
Ability: Breathe Acid      |       |       |    31 |     7 ||    38
  Evoke: Wand              |     4 |     6 |     7 |       ||    17
    Use: Scroll            |     6 |       |    21 |     5 ||    32
         Potion            |       |       |     5 |     5 ||    10
   Stab: Sleeping          |     1 |     1 |       |     2 ||     4
 Armour: Skin              |    15 |    21 |    48 |     9 ||    93
  Dodge: Dodged            |    35 |    41 |   103 |    44 ||   223
